 Dungeon Crawl Stone Soup version 0.23.2 (webtiles) character file.

Game seed: 8149169737821890926

5815 Borgoz the Ducker (level 10, -11/83 HPs)
             Began as a Ghoul Enchanter on Apr 4, 2019.
             Was an Initiate of Ashenzari.
             Mangled by a shadow wraith (23 damage)
             ... on level 2 of the Abyss.
             The game lasted 00:30:10 (11980 turns).

Borgoz the Ducker (Ghoul Enchanter)                Turns: 11980, Time: 00:30:11

Health: -11/83     AC:  6    Str: 18    XL:     10   Next: 79%
Magic:  14/16      EV: 20    Int: 10    God:    Ashenzari [......]
Gold:   466        SH:  0    Dex: 18    Spells: 10/18 levels left

rFire    . . .     SeeInvis .   a - +0 dagger (venom)
rCold    + . .     Gourm    .   (no shield)
rNeg     + + +     Faith    .   e - +0 animal skin
rPois    ∞         Spirit   .   u - +0 helmet
rElec    .         Reflect  .   z - +0 cloak
rCorr    .         Harm     .   (no gloves)
MR       .....                  w - +0 pair of boots
Stlth    +++.......             (no amulet)
HPRegen  0.00/turn              y - +6 ring of dexterity
MPRegen  0.15/turn              c - +3 ring of evasion

@: mighty, rotting, slowed, very slow
A: rotting body, claws 1, carnivore, cold resistance 1, negative energy
resistance 3, inhibited regeneration, torment resistance, unbreathing
a: Curse Item, Renounce Religion


You were on level 2 of the Abyss.
You worshipped Ashenzari.
Ashenzari was noncommittal.
You were not hungry.

You visited 2 branches of the dungeon, and saw 9 of its levels.
You visited the Abyss 1 time.
You also visited: Bailey.

You collected 466 gold pieces.

Inventory:

Hand Weapons
 a - a +0 dagger of venom (weapon)
 q - a +2 quarterstaff of chaos
 A - a +0 rapier
Missiles
 v - 12 tomahawks (quivered)
 H - 70 tomahawks of returning
Armour
 e - a +0 animal skin (worn)
 u - a +0 helmet (worn)
 w - a +0 pair of boots (worn)
 z - a +0 cloak (worn)
Jewellery
 c - a +3 ring of evasion (right claw)
 j - a +6 ring of intelligence
 l - an uncursed ring of magical power
 o - an uncursed ring of protection from fire
 y - a +6 ring of dexterity (left claw)
Wands
 G - a wand of digging (5)
 I - a wand of random effects (9)
Scrolls
 h - 4 scrolls of teleportation
 i - 2 scrolls of remove curse
 k - a scroll of enchant armour {unknown}
 p - 4 scrolls of magic mapping
 r - a scroll of fog {unknown}
 s - a scroll of acquirement {unknown}
 t - a scroll of random uselessness {unknown}
 x - a scroll of amnesia {unknown}
 B - a scroll of immolation {unknown}
 J - a scroll of holy word {unknown}
Potions
 b - 5 potions of flight
 f - 2 potions of magic {unknown}
 m - a potion of haste
 n - 3 potions of curing
 D - a potion of brilliance
 E - 5 potions of mutation {unknown}
 M - a potion of berserk rage {unknown}
Comestibles
 d - 11 rations


   Skills:
 + Level 5.8 Fighting
 * Level 7.0 Short Blades
 + Level 4.8 Armour
 * Level 7.3 Dodging
 - Level 5.0 Stealth
 + Level 4.8 Spellcasting
 - Level 5.0 Hexes
 - Level 2.0 Ice Magic


You had 10 spell levels left.
You knew the following spells:

 Your Spells              Type           Power        Failure   Level  Hunger
a - Corona                Hex            ##.....      3%          1    #......
b - Ensorcelled Hibernat  Hex/Ice        #.....       9%          2    ##.....
c - Confuse               Hex            ##......     9%          3    ###....
d - Blink                 Tloc           N/A          34%         2    ##.....

Your spell library contained the following spells:

 Spells                   Type           Power        Failure   Level  Hunger
 Slow                     Hex            ##......     4%          2    ##.....
 Tukima's Dance           Hex            ##......     9%          3    ###....
 Magic Dart               Conj           #...         24%         1    #......
 Summon Small Mammal      Summ           #...         24%         1    #......
 Dazzling Spray           Conj/Hex       #.....       26%         3    ###....
 Summon Guardian Golem    Hex/Summ       #.......     26%         3    ###....
 Call Imp                 Summ           #.......     34%         2    ##.....
 Searing Ray              Conj           #.....       34%         2    ##.....
 Call Canine Familiar     Summ           #.......     56%         3    ###....
 Conjure Flame            Conj/Fire      #.......     56%         3    ###....
 Mephitic Cloud           Conj/Pois/Air  #.......     56%         3    ###....
 Fulminant Prism          Conj/Hex       #.........   63%         4    #####..
 Summon Ice Beast         Ice/Summ       #.......     83%         4    #####..
 Force Lance              Conj/Tloc      #.......     93%         4    #####..
 Iskenderun's Mystic Bla  Conj           #.......     93%         4    #####..
 Summon Lightning Spire   Summ/Air       #.......     93%         4    #####..
 Bolt of Magma            Conj/Fire/Erth #.........   100%        5    ######.
 Iskenderun's Battlesphe  Conj/Chrm      #.......     100%        5    ######.
 Venom Bolt               Conj/Pois      #.........   100%        5    ######.
 Iron Shot                Conj/Erth      #.........   100%        6    #######
 Orb of Destruction       Conj           #.........   100%        7    #######
 Spellforged Servitor     Conj/Summ      #.........   100%        7    #######


Dungeon Overview and Level Annotations

Branches:
Dungeon (8/15)             Temple (1/1) D:4
   Lair: D:8-11

Altars:
Ashenzari
Hepliaklqana
Nemelex Xobeh
Okawaru
Qazlal
Ru
Sif Muna
Trog
Uskayaw
Vehumet
Wu Jian
Xom
Yredelemnul
The Shining One
Lugonu

Annotations:
D:8 Harold


Innate Abilities, Weirdness & Mutations

Your body is rotting away.
You thrive on raw meat.
You are immune to poison.
You have sharp fingernails.
You are carnivorous and can eat meat at any time.
Your flesh is cold resistant. (rC+)
You are immune to negative energy. (rN+++)
You do not regenerate when monsters are visible.
You are immune to unholy pain and torment.
You can survive without breathing.


Message History

You feel as though you will be slow longer.
Something hits you. Something drains your vigour!
You feel as though you will be slow longer.
You feel very mighty all of a sudden. Something closely misses you.
You closely miss something. Something barely misses you.
You barely miss something. Something hits you!
* * * LOW HITPOINT WARNING * * *
Something drains your vigour!
You feel as though you will be slow longer.
You barely miss something. Something hits you!!
* * * LOW HITPOINT WARNING * * *
Something drains your vigour!
You feel as though you will be slow longer.
You feel better. Something hits you!
* * * LOW HITPOINT WARNING * * *
Something drains your vigour!
You feel as though you will be slow longer.
You feel better. Something hits you!!
You die...

. ### ..
##. #
#...# #..#
#..
#.###.....
#..#@..#
#.
#.#{#.....
#. .# ###
.. .# ..
...##. ##.
.. .# ## #
.. .#


There were no monsters in sight!

Vanquished Creatures
  2 two-headed ogres (D:8)
  Joseph (D:7)
  Grinder (D:6)
  A hippogriff (D:7)
  Prince Ribbit (D:7)
  A hungry ghost (D:7)
  A wyvern (D:8)
  Menkaure (D:7)
  Duvessa (D:5)
  A water moccasin (D:5)
  3 orc warriors
  An ice beast (D:7)
  3 phantoms
  A sky beast (D:7)
  2 ogres
  3 centaurs
  A big kobold (D:7)
  2 bullfrogs
  A gnoll sergeant (D:5)
  Dowan (D:5)
  5 scorpions
  A howler monkey (D:6)
  A crimson imp (D:6)
  3 hounds
  2 jellies
  4 orc priests
  2 orc wizards (D:6)
  Crazy Yiuf (D:4)
  2 centaur skeletons
  Jessica (D:2)
  5 iguanas
  Natasha (thrice) (D:2)
  6 worker ants
  A hound skeleton (D:5)
  Robin (D:4)
  22 gnolls
  4 adders
  A shadow imp (D:8)
  3 oozes
  2 adder zombies (D:7)
  An adder skeleton (D:6)
  3 worms
  2 dart slugs (D:1)
  9 leopard geckos
  13 orcs
  8 bats
  6 giant cockroaches
  22 goblins
  23 hobgoblins
  6 jackals (D:3)
  23 kobolds
  3 quokkas
  A ball python (D:2)
  A ball python skeleton (D:4)
  2 frilled lizards
  A leopard gecko skeleton (D:4)
  A leopard gecko zombie (D:7)
  A quokka zombie (D:5)
  10 rats
  A spectral orc (D:6)
236 creatures vanquished.

Vanquished Creatures (others)
  A bat (D:3)
1 creature vanquished.

Grand Total: 237 creatures vanquished

Notes
Turn   | Place    | Note
-------+----------+-------------------------------------------
     0 | D:1      | Borgoz the Ghoul Enchanter began the quest for the Orb.
     0 | D:1      | Reached XP level 1. HP: 14/14 MP: 2/2
    18 | D:1      | Reached skill level 1 in Short Blades
    51 | D:1      | Reached XP level 2. HP: 20/20 MP: 3/3
   635 | D:1      | Reached XP level 3. HP: 20/27 MP: 4/4
  1646 | D:1      | Learned a level 2 spell: Ensorcelled Hibernation
  2615 | D:2      | Noticed Jessica
  2629 | D:2      | Killed Jessica
  2629 | D:2      | Reached skill level 1 in Fighting
  2629 | D:2      | Reached skill level 1 in Armour
  2629 | D:2      | Reached XP level 4. HP: 29/34 MP: 3/6
  2702 | D:2      | Noticed Natasha
  2713 | D:2      | Killed Natasha
  3215 | D:2      | Found a deep blue altar of Sif Muna.
  3265 | D:2      | Noticed Natasha
  3276 | D:2      | Killed Natasha
  3276 | D:2      | Reached XP level 5. HP: 30/37 MP: 2/7
  3284 | D:2      | Noticed Natasha
  3289 | D:2      | Killed Natasha
  3849 | D:3      | Reached skill level 1 in Ice Magic
  3849 | D:3      | Reached XP level 6. HP: 20/48 MP: 8/8
  3949 | D:3      | Found a sacrificial altar of Ru.
  4131 | D:3      | Found a radiant altar of Vehumet.
  4416 | D:4      | Noticed Robin
  4432 | D:4      | Killed Robin
  4697 | D:3      | Learned a level 3 spell: Confuse
  5336 | D:4      | Found a runed translucent door.
  5337 | D:4      | Noticed Crazy Yiuf
  5589 | D:4      | Found a staircase to the Ecumenical Temple.
  5825 | D:4      | Killed Crazy Yiuf
  5993 | D:5      | Entered Level 5 of the Dungeon
  5999 | D:5      | Reached XP level 7. HP: 48/55 MP: 9/9
  6189 | D:5      | Reached skill level 5 in Stealth
  6860 | D:5      | Reached XP level 8. HP: 62/62 MP: 11/11
  7280 | D:5      | Noticed Duvessa
  7284 | D:5      | Killed Duvessa
  7284 | D:5      | Noticed Dowan
  7287 | D:5      | Killed Dowan
  7520 | D:6      | Noticed Grinder
  7566 | D:6      | Killed Grinder
  7671 | D:6      | Reached skill level 5 in Dodging
  7875 | D:6      | Reached XP level 9. HP: 40/71 MP: 13/13
  8147 | D:6      | Found a shimmering altar of Xom.
  8539 | D:6      | Found a basalt altar of Yredelemnul.
  8642 | D:7      | Noticed Prince Ribbit
  8729 | Temple   | Entered the Ecumenical Temple
  8746 | Temple   | Became a worshipper of Ashenzari the Shackled
  8859 | D:7      | Learned a level 2 spell: Blink
  9048 | D:7      | Killed Prince Ribbit
  9048 | D:7      | Reached skill level 5 in Short Blades
  9524 | D:7      | Noticed Joseph
  9550 | D:7      | Killed Joseph
  9817 | D:7      | Noticed Menkaure
  9828 | D:7      | Killed Menkaure
  9909 | D:7      | Found a bloodstained altar of Trog.
  9964 | D:7      | Reached XP level 10. HP: 78/78 MP: 3/15
 10033 | D:7      | Found an iron altar of Okawaru.
 10198 | D:7      | Reached skill level 5 in Fighting
 10449 | D:8      | Noticed Harold
 10489 | D:8      | Noticed a two-headed ogre
 10536 | D:8      | Found a hide-covered altar of Uskayaw.
 10562 | D:8      | Found a flagged portal.
 10629 | Bailey   | Entered a bailey
 11308 | D:8      | Noticed a two-headed ogre
 11318 | D:8      | Killed a two-headed ogre
 11318 | D:8      | Reached skill level 5 in Hexes
 11490 | D:8      | Killed a two-headed ogre
 11833 | D:8      | Cast into level 2 of the Abyss (Harold)
 11880 | Abyss:2  | Noticed a starcursed mass
 11978 | Abyss:2  | HP: 1/83 [something (18)]
 11980 | Abyss:2  | Mangled by a shadow wraith

Skill      XL: |  1  2  3  4  5  6  7  8  9 10 |
---------------+-------------------------------+-----
Short Blades   | 1 2 3 4 5 7 |  7.0
Dodging        | 2 3 5 6 7 |  7.3
Spellcasting   | 2 3 4 |  4.8
Fighting       | 1 2 3 4 5 |  5.8
Armour         | 1 2 3 4 |  4.8
Stealth        | 4 5 |  5.0
Ice Magic      | 1 2 |  2.0
Hexes          | 3 4 5 |  5.0

Action                   |  1- 3 |  4- 6 |  7- 9 | 10-12 || total
-------------------------+-------+-------+-------+-------++-------
Melee: Dagger            |   181 |   235 |   416 |   347 ||  1179
Throw: Throwing net      |       |       |     3 |     2 ||     5
 Cast: Ensorcelled Hiber |     3 |    16 |    13 |     6 ||    38
       Corona            |     1 |       |       |       ||     1
       Confuse           |       |       |     5 |    13 ||    18
Evoke: Wand              |       |       |       |    18 ||    18
  Use: Potion            |     2 |     2 |     7 |     8 ||    19
       Scroll            |       |     7 |     5 |     3 ||    15
 Stab: Sleeping          |    11 |    11 |    23 |    10 ||    55
       Invisible         |       |     1 |     1 |       ||     2
       Confused          |       |       |     3 |     3 ||     6
       Held in net/web   |       |       |     2 |     2 ||     4
       Distracted        |       |       |       |     2 ||     2
  Eat: Chunk             |     4 |    17 |    17 |    49 ||    87
       Ration            |     1 |       |       |       ||     1
Armor: Robe              |    25 |    22 |       |       ||    47
       Animal skin       |       |     3 |    34 |    36 ||    73
Dodge: Dodged            |   151 |   217 |   285 |   342 ||   995
